 Dungeon Crawl Stone Soup version 0.32-a0-571-gec57dfcd37 (webtiles) character file.

Game seed: 17733071466573285300

127 BeKind the Trooper (level 5, 0/42 HPs)
             Began as a Coglin Berserker on Mar 1, 2024.
             Was a Believer of Trog.
             Slain by an orc
             ... wielding a +0 short sword
              (3 damage)
             ... on level 3 of the Dungeon.
             The game lasted 00:02:31 (2137 turns).

BeKind the Trooper (Coglin Berserker)               Turns: 2137, Time: 00:02:31

Health: 0/42       AC:  3    Str: 19    XL:     5   Next: 11%
Magic:  5/5        EV: 12    Int:  7    God:    Trog [**....]
Gold:   166        SH:  0    Dex: 13    Spells: 4/4 levels left

rFire   . . .        a - +0 spear {Lucius}
rCold   . . .        c - +0 dagger {Yae}
rNeg    . . .        b - +0 animal skin
rPois   .            i - +0 helmet
rElec   .            (no cloak)
rCorr   .            (no gloves)
SInv    .            (no boots)
Will    .....        (amulet unavailable)
Stlth   +            (ring unavailable)
HPRegen 0.27/turn    (ring unavailable)
MPRegen 0.09/turn    (no gizmo)

%: no passive effects
@: on berserk cooldown, slowed, revved, very slow
A: off-hand wielding, slow wielding, warmup strikes, no jewellery
a: Invent Gizmo, Renounce Religion, Berserk, Trog's Hand


You were on level 3 of the Dungeon.
You worshipped Trog.
Trog was pleased with you.
You visited 1 branch of the dungeon, and saw 3 of its levels.

You collected 166 gold pieces.

Inventory:

Hand Weapons
 a - a +0 spear (weapon) {Lucius}
 c - a +0 dagger (offhand) {Yae}
Armour
 b - a +0 animal skin (worn)
 i - a +0 helmet (worn)
Wands
 n - a wand of flame (9)
Scrolls
 d - a scroll of brand weapon {unknown}
 e - a scroll of poison {unknown}
 h - 6 scrolls of identify {unknown}
 l - a scroll of noise {unknown}
Potions
 f - 3 potions of curing {unknown}
 g - 2 potions of mutation {unknown}
 j - 2 potions of degeneration {unknown}
 k - a potion of invisibility {unknown}
 m - 2 potions of enlightenment {unknown}


   Skills:
 + Level 3.8 Fighting
 + Level 3.4 Polearms
 + Level 2.7 Armour
 + Level 2.7 Dodging


You had 4 spell levels left.
You didn't know any spells.
Your spell library was empty.

Dungeon Overview and Level Annotations

Branches:
Dungeon (3/15)

Altars:
Hepliaklqana
Kikubaaqudgha

Shops:
D:1 !


Innate Abilities, Weirdness & Mutations

You can wield a second weapon in your off-hand.
It takes a long time for you to wield or remove held weapons.
Your first few attacks do less damage.
You cannot equip rings or amulets.


Message History

Things that are here:
a +0 short sword; a +0 ring mail; an orc corpse You closely miss the orc with your +0 dagger.
You barely miss the orc with your +0 spear.
The orc barely misses you. The orc misses you.
You closely miss the orc with your +0 dagger.
You puncture the orc with your +0 spear!
You kill the orc!
Trog accepts your kill.
Things that are here:
a +0 war axe; an orc corpse You closely miss the orc wizard with your +0 spear.
You puncture the orc wizard with your +0 dagger!
You hit the orc wizard with your +0 spear.
You kill the orc wizard!
Trog accepts your kill.
Trog appreciates your killing of a magic user.
You can now call upon Trog for regeneration and willpower.
The orc closely misses you.
You have reached level 5!
Unknown command.
Reach: a) +0 spear {Lucius}
Press: ? - help, Dir - move target, f - orc
Aim: an orc, wielding a +0 flail (about 38% to evade your +0 spear)
You completely miss the orc with your +0 spear.
You closely miss the orc with your +0 dagger.
The orc hits you with a +0 flail!
* * * LOW HITPOINT WARNING * * *
You puncture the orc with your +0 spear!
You kill the orc!
Trog accepts your kill.
You barely miss the orc with your +0 dagger.
You hit the orc but do no damage.
You are no longer berserk.
You are exhausted.
You feel yourself slow down. The orc misses you.
You closely miss the orc with your +0 dagger.
You hit the orc but do no damage. The orc closely misses you.
The orc hits you with a +0 short sword.
You die...

#.....##.####
#...........#
#.....##.##.#
#.....##.##.#
#.....##..#.#
#####.###.#.#
..#.###.#.#
#.#.###.#.......#
#.....o@#####.###
#....##)##....#
#....##.##.####
#..........#
........####
##.####.# # ..#
####


You could see an orc.

Vanquished Creatures
  An orc priest (D:3)
  An orc wizard (D:3)
  3 adders
  A dart slug (D:2)
  A ribbon worm (D:3)
  4 orcs (D:3)
  5 bats
  An endoplasm (D:1)
  2 giant cockroaches
  3 hobgoblins
  A quokka (D:1)
  6 ball pythons
  3 frilled lizards
  4 goblins
  2 kobolds
  2 rats
40 creatures vanquished.

Notes
Turn   | Place    | Note
-------+----------+-------------------------------------------
     0 | D:1      | BeKind the Coglin Berserker began the quest for the Orb.
     0 | D:1      | Reached XP level 1. HP: 18/18 MP: 1/1
   119 | D:1      | Found Maibagarph's Distillery.
   403 | D:1      | Reached XP level 2. HP: 23/24 MP: 2/2
   931 | D:2      | Reached XP level 3. HP: 28/29 MP: 3/3
  1093 | D:2      | Found a hazy altar of Hepliaklqana.
  1694 | D:3      | Found an ancient bone altar of Kikubaaqudgha.
  1960 | D:3      | Reached XP level 4. HP: 32/35 MP: 4/4
  2133 | D:3      | Reached ** piety under Trog
  2134 | D:3      | Reached XP level 5. HP: 10/42 MP: 5/5
  2134 | D:3      | HP: 3/63 [orc/+0 flail (7)]
  2137 | D:3      | Slain by an orc

Illustrated notes

Levels and vault maps discovered:
D:1:      psy_arrival_radial02, layout_basic, serial_shops, shop, hex_tiny,
          wad_floor_pattern_untrapped
D:2:      layout_loops_ring, basic_altar, nicolae_titane
D:3:      layout_loops_cross, lemuel_crystal_altar, kennysheep_cross_room

Skill      XL: |  1  2 |
---------------+-------+-----
Dodging        | 2 |  2.7
Armour         | 2 |  2.7
Polearms       | 3 |  3.4
Fighting       | |  3.8

Action                     |  1- 3 |  4- 6 || total
---------------------------+-------+-------++-------
  Melee: Spear             |    91 |    26 ||   117
         Dagger            |    60 |    22 ||    82
 Invoke: Berserk           |     1 |     1 ||     2
   Stab: Sleeping          |     4 |     2 ||     6
 Armour: Animal skin       |    41 |     7 ||    48
  Dodge: Dodged            |    31 |    15 ||    46

Table legend: (Time is in decaauts)
 A = Elapsed time spent in this place.
 B = Non-inter-level travel time spent in this place.
 C = Inter-level travel time spent in this place.
 D = Time resting spent in this place.
 E = Time spent auto-exploring this place.
 F = Levels seen in this place.
 G = Mean time per level.
                   A        B        C        D        E       F      G
               +--------+--------+--------+--------+--------+-----+--------+
         Total |   2146 |   2099 |     47 |     49 |   1781 |   3 |  715.3 |
       Dungeon |   2146 |   2099 |     47 |     49 |   1781 |   3 |  715.3 |
               +--------+--------+--------+--------+--------+-----+--------+

Top non-repeatable levels by time:
     D:1: 794 daAuts
     D:2: 706 daAuts
     D:3: 645 daAuts
